 Dungeon Crawl Stone Soup version 0.26-a0-606-g3c8f2f65f7 (webtiles) character file.

Game seed: 5264219821787617035

17931 RedPan the Martial Artist (level 12, -6/91 HPs)
             Began as a Black Draconian Transmuter on Sept 1, 2020.
             Was a Priest of Sif Muna.
             Mangled by a death yak (28 damage)
             ... on level 3 of the Lair of Beasts.
             The game lasted 00:34:45 (13360 turns).

RedPan the Martial Artist (DrTm)                   Turns: 13360, Time: 00:34:45

Health: -6/91      AC:  8    Str: 12    XL:     12   Next: 23%
Magic:  16/26      EV: 18    Int: 26    God:    Sif Muna [***...]
Gold:   561        SH:  5    Dex: 13    Spells: 3/18 levels left

rFire    . . .     SeeInvis .     - Unarmed
rCold    . . .     Faith    .   (shield currently unavailable)
rNeg     . . .     Spirit   .   (armour unavailable)
rPois    .         Reflect  +   (helmet restricted)
rElec    +         Harm     .   (no cloak)
rCorr    .                      (gloves currently unavailable)
MR       +....                  (no boots)
Stlth    +.........             u - amulet of reflection
HPRegen  0.65/turn              C - +6 ring of intelligence
MPRegen  0.20/turn              y - ring of magical power

@: blade hands (expiring), wereblooded, very slightly contaminated, very slow
A: breathe lightning, unfitting armour, clever 1, magic resistance 1,
regeneration 1, electricity resistance, cold-blooded, AC +8
a: Breathe Lightning, End Transformation, Channel Magic, Forget Spell, Renounce
Religion


You were on level 3 of the Lair of Beasts.
You worshipped Sif Muna.
Sif Muna was most pleased with you.
You had blades for hands.
You visited 3 branches of the dungeon, and saw 14 of its levels.

You collected 693 gold pieces.
You spent 132 gold pieces at shops.

Inventory:

Jewellery
 u - an amulet of reflection (around neck)
 y - a ring of magical power (right scythe-like blade)
 B - an uncursed ring of ice
 C - a +6 ring of intelligence (left scythe-like blade)
Wands
 o - a wand of acid (5)
 r - a wand of random effects (24)
 x - a wand of polymorph (16)
 E - a wand of paralysis (9)
Scrolls
 f - 2 scrolls of magic mapping
 h - 4 scrolls of teleportation
 i - 5 scrolls of blinking
 q - 5 scrolls of identify
 t - 3 scrolls of amnesia
 w - 2 scrolls of enchant armour
 A - a scroll of fog
 D - 3 scrolls of remove curse
Potions
 a - 2 potions of magic
 b - 6 potions of lignification
 c - 2 potions of invisibility
 d - 3 potions of ambrosia
 e - 4 potions of flight
 g - 5 potions of mutation
 j - 2 potions of brilliance
 k - 2 potions of haste
 l - a potion of cancellation
 m - 4 potions of stabbing
 n - a potion of heal wounds
 p - 6 potions of curing
 s - 2 potions of berserk rage
 v - 2 potions of might
 z - a potion of resistance


   Skills:
 + Level 4.1 Fighting
 + Level 10.0 Dodging
 + Level 11.6 Unarmed Combat
 + Level 3.5 Spellcasting
 + Level 9.9 Transmutations
 - Level 4.0 Ice Magic
 - Level 2.0 Poison Magic
 - Level 6.0 Invocations


You had 3 spell levels left.
You knew the following spells:

 Your Spells              Type           Power        Failure   Level
a - Beastly Appendage     Tmut           ######       8%          1
b - Wereblood             Tmut           ######..     9%          2
c - Spider Form           Tmut/Pois      #####.....   22%         3
d - Ice Form              Ice/Tmut       #####...     32%         4
e - Blade Hands           Tmut           ######....   30%         5

Your spell library contained the following spells:

 Spells                   Type           Power        Failure   Level


Dungeon Overview and Level Annotations

Branches:
Dungeon (10/15)            Temple (1/1) D:6            Lair (3/6) D:8
 Spider (0/4) Lair:2
  Swamp: Lair:2-4    Shoals: Lair:2-4       Orc: D:9-12

Altars:
Ashenzari
Cheibriados
Dithmenos
Elyvilon
Fedhas
Gozag
Hepliaklqana
Kikubaaqudgha
Makhleb
Nemelex Xobeh
Okawaru
Qazlal
Ru
Sif Muna
Trog
Uskayaw
Vehumet
Wu Jian
Xom
Yredelemnul
Zin
The Shining One

Shops:
D:6 (   D:8 *   D:9 =

Annotations:
D:10 3 runed translucent doors, fly's ghost, journeyman TrDe; qipq's ghost, journeyman FoDe


Innate Abilities, Weirdness & Mutations

You can breathe wild blasts of lightning.
Your glossy black scales are hard. (AC +8)
You cannot fit into any form of body armour.
You are resistant to electric shocks. (rElec)
You are cold-blooded and may be slowed by cold attacks.
Your mind is acute. (Int +2)
You are resistant to hostile enchantments. (MR+)
Your natural rate of healing is unusually fast.


Message History

* * * LOW HITPOINT WARNING * * *
You feel better. The death yak gores you.
* * * LOW HITPOINT WARNING * * *
You slice the death yak!!
The death yak is severely wounded.
You block the death yak's attack.
You slash the death yak!
Your tail-slap misses the death yak.
The death yak is almost dead.
The death yak misses you.
You hit the death yak but do no damage.
The death yak is almost dead.
You slash the death yak!
You kill the death yak!
Sif Muna accepts your kill.
Your Fighting skill increases to level 4!
Your Dodging skill increases to level 10!
You slash the death yak!
The death yak is lightly wounded.
The death yak gores you!!
You die...

#.....................
#.....................
##.....................
#................<.....
##.P.#.##P.............
#.P##.####(...........
#....#######....#.#...
#.'###YY≈≈)####..###.P
##.#)≈@#≈≈Y#≈≈≈#.......
#..#≈≈≈#Y≈Y#m≈≈#.......
##.#≈≈≈#####≈≈≈#...<...
#P.##### '####.##..#.
##...# Y #.÷..###..
#.### ≈#####....... #.#
##≈≈≈#....... #.#
#≈≈≈#....... #.#
#≈≈≈#.......


You could see 2 death yaks.

Vanquished Creatures
  A hydra (Lair:3)
  Erica (Lair:2)
  3 death yaks (Lair:3)
  A two-headed ogre (D:9)
  An unseen horror (D:10)
  3 elephants (Lair:3)
  5 cane toads (Lair:1)
  2 komodo dragons
  2 merfolk (Lair:3)
  6 jumping spiders (Lair:2)
  A troll (D:9)
  4 hippogriffs
  2 redbacks (Lair:2)
  Grum (D:8)
  13 yaks
  2 water moccasins
  3 orc warriors
  9 porcupines
  2 ice beasts
  3 black bears
  3 ogres
  A sky beast (D:9)
  2 phantoms
  5 wolves
  4 centaurs
  4 crocodiles
  A wyvern zombie (D:10)
  8 bullfrogs
  2 scorpions
  A wyvern skeleton (D:9)
  11 wights
  A howler monkey (D:8)
  3 jellies
  A quasit (D:7)
  3 orc priests
  4 hounds
  7 orc wizards
  A bullfrog skeleton (D:4)
  Terence (D:2)
  6 hell rats (Lair:1)
  4 worker ants
  2 iguanas
  A hound zombie (D:9)
  A worker ant zombie (D:5)
  3 gnolls (D:10)
  11 adders
  A howler monkey skeleton (D:5)
  3 shadow imps
  2 white imps
  2 ufetubi
  4 oozes
  5 adder skeletons
  A worm (D:2)
  2 dart slugs
  4 leopard geckos
  18 orcs
  6 giant cockroaches
  9 hobgoblins
  6 jackals
  4 quokkas
  4 ball pythons
  8 bats
  2 frilled lizards
  6 goblins
  7 kobolds
  A leopard gecko zombie (D:5)
  A quokka skeleton (D:4)
  2 quokka zombies
  2 rats
256 creatures vanquished.

Vanquished Creatures (others)
  36 fungi
  52 plants
  5 withered plants (D:10)
93 creatures vanquished.

Grand Total: 349 creatures vanquished

Notes
Turn   | Place    | Note
-------+----------+-------------------------------------------
     0 | D:1      | RedPan the Draconian Transmuter began the quest for the
                  | Orb.
     0 | D:1      | Reached XP level 1. HP: 16/16 MP: 3/3
   285 | D:1      | Reached XP level 2. HP: 23/23 MP: 3/5
   405 | D:1      | Learned a level 2 spell: Wereblood
  1343 | D:2      | Reached XP level 3. HP: 28/28 MP: 4/6
  1573 | D:2      | Found a bloodstained altar of Trog.
  1722 | D:2      | Noticed Terence
  1728 | D:2      | Learned a level 3 spell: Spider Form
  2161 | D:2      | Found a bloodstained altar of Trog.
  2368 | D:2      | Killed Terence
  2368 | D:2      | Reached skill level 1 in Poison Magic
  2368 | D:2      | Reached XP level 4. HP: 21/35 MP: 8/8
  3316 | D:3      | Found a hide-covered altar of Uskayaw.
  3355 | D:3      | Reached skill level 4 in Unarmed Combat
  3355 | D:3      | Reached XP level 5. HP: 39/40 MP: 9/9
  3912 | D:4      | Noticed an ogre
  3922 | D:4      | Killed an ogre
  3977 | D:4      | Reached XP level 6. HP: 26/47 MP: 5/10
  3988 | D:4      | HP: 1/47 [something/magic dart (7)]
  4808 | D:5      | Entered Level 5 of the Dungeon
  4908 | D:5      | Reached skill level 5 in Unarmed Combat
  4917 | D:5      | Your scales start taking on a glossy black colour.
  4917 | D:5      | Reached XP level 7. HP: 41/52 MP: 7/11
  4917 | D:5      | Gained mutation: You are resistant to electric shocks.
                  | (rElec) [Black Draconian growth]
  5540 | D:5      | Found a sparkling altar of Nemelex Xobeh.
  5545 | D:5      | Reached skill level 5 in Transmutations
  5916 | D:5      | Found an opulent altar of Gozag.
  5943 | D:5      | Reached skill level 6 in Unarmed Combat
  5943 | D:5      | Reached XP level 8. HP: 40/59 MP: 8/12
  6045 | D:5      | Learned a level 4 spell: Ice Form
  6290 | D:6      | Reached skill level 1 in Ice Magic
  6369 | D:6      | Found Bivoczus's Weapon Boutique.
  6390 | D:6      | Found a staircase to the Ecumenical Temple.
  6468 | Temple   | Entered the Ecumenical Temple
  6550 | Temple   | Became a worshipper of Sif Muna the Loreminder
  6638 | D:6      | Reached skill level 5 in Dodging
  6725 | D:6      | Found a stormy altar of Qazlal.
  7000 | D:7      | Reached skill level 1 in Invocations
  7011 | D:7      | Gained mutation: Your natural rate of healing is unusually
                  | fast. [potion of mutation]
  7011 | D:7      | Gained mutation: Your mind is acute. (Int +2) [potion of
                  | mutation]
  7011 | D:7      | Gained mutation: You are resistant to hostile enchantments.
                  | (MR+) [potion of mutation]
  7014 | D:7      | Reached skill level 7 in Unarmed Combat
  7772 | D:7      | Found an opulent altar of Gozag.
  7913 | D:7      | Reached XP level 9. HP: 61/64 MP: 9/13
  8268 | D:8      | Reached * piety under Sif Muna
  8401 | D:8      | Reached skill level 8 in Unarmed Combat
  8518 | D:8      | Found Winguipt's General Store.
  8519 | D:8      | Found a staircase to the Lair.
  8534 | D:8      | Reached skill level 5 in Invocations
  8600 | D:8      | Bought a scroll of teleportation for 33 gold pieces
  8600 | D:8      | Bought a potion of berserk rage for 55 gold pieces
  8600 | D:8      | Bought a potion of might for 44 gold pieces
  8623 | D:8      | Noticed Grum
  8634 | D:8      | Killed Grum
  8650 | D:8      | Reached XP level 10. HP: 65/71 MP: 10/14
  8903 | D:8      | Found a snail-covered altar of Cheibriados.
  8903 | D:8      | Found a radiant altar of Vehumet.
  8903 | D:8      | Found a glowing silver altar of Zin.
  9021 | D:9      | Noticed a two-headed ogre
  9033 | D:9      | Killed a two-headed ogre
  9033 | D:9      | Reached skill level 9 in Unarmed Combat
  9307 | D:9      | Found an ancient bone altar of Kikubaaqudgha.
  9411 | D:9      | Found Elluower's Jewellery Boutique.
  9700 | D:10     | Entered Level 10 of the Dungeon
  9730 | D:10     | Reached ** piety under Sif Muna
 10159 | D:10     | Found a runed translucent gate.
 10159 | D:10     | Found a runed translucent gate.
 10159 | D:10     | Found a runed translucent gate.
 10159 | D:10     | Noticed qipq's ghost (journeyman FoDe)
 10159 | D:10     | Noticed fly's ghost (journeyman TrDe)
 10196 | D:10     | Killed an unseen horror
 10382 | Lair:1   | Entered Level 1 of the Lair of Beasts
 10382 | Lair:1   | Noticed a cane toad
 10389 | Lair:1   | Killed a cane toad
 10434 | Lair:1   | Reached skill level 10 in Unarmed Combat
 10553 | Lair:1   | Noticed a cane toad
 10569 | Lair:1   | Killed a cane toad
 10573 | Lair:1   | Reached XP level 11. HP: 56/77 MP: 15/15
 10781 | Lair:1   | Reached *** piety under Sif Muna
 11438 | Lair:2   | Noticed Erica
 11453 | Lair:2   | Killed Erica
 11597 | Lair:2   | Reached skill level 11 in Unarmed Combat
 11859 | Lair:2   | Found a hole to the Spider Nest.
 12725 | Lair:3   | Noticed a six-headed hydra
 12737 | Lair:3   | Killed a six-headed hydra
 12906 | Lair:3   | Reached XP level 12. HP: 71/89 MP: 16/16
 13012 | Lair:2   | Learned a level 5 spell: Blade Hands
 13297 | Lair:3   | Noticed a death yak
 13297 | Lair:3   | Noticed a death yak
 13297 | Lair:3   | Noticed a death yak
 13298 | Lair:3   | Noticed a death yak
 13306 | Lair:3   | Killed a death yak
 13332 | Lair:3   | Noticed a death yak
 13348 | Lair:3   | Killed a death yak
 13353 | Lair:3   | HP: 2/91 [death yak (12)]
 13359 | Lair:3   | Killed a death yak
 13359 | Lair:3   | Reached skill level 10 in Dodging
 13360 | Lair:3   | Mangled by a death yak

Illustrated notes

Levels and vault maps discovered:
D:1:      elethiomel_arrival_quiet, layout_basic
D:2:      layout_basic, lightli_temple_of_fire, trog_hazing_becter, uniq_terence
D:3:      layout_basic, eat_drink_and_be_merry_uskayaw
D:4:      layout_cave_pools
D:5:      layout_basic, marbit_many_paths, serial_glass, glass_columns_b,
          glass_columns_c, glass_columns_a, glass_columns_a, item_on_display_a,
          grunt_gozag_statues
D:6:      layout_rooms, lemuel_crystal_altar, minmay_temple_entry_ruins,
          serial_shops, shop, chequers_serial_rivers_marsh
D:7:      lemuel_upstairs_altar, layout_basic, kennysheep_mini, minivault_25
D:8:      layout_basic, gammafunk_temple_overflow_forgotten,
          due_lair_maze_entry_diamond, serial_shops, shop_statue, uniq_grum
D:9:      layout_rooms, kiku_gazebo_pond_becter, serial_shops, shop
D:10:     layout_rooms, gammafunk_ghost_cemetery
Temple:   dshaligram_water_room_temple
Lair:1:   layout_roguey, grunt_megastairs_1
Lair:2:   layout_big_grid, nicolae_spider_entry_tight_spaces, lemuel_fruit_tree,
          infiniplex_staircase_pool_2, uniq_erica
Lair:3:   layout_regular_city, elwin_shoals_entry_rooms,
          infiniplex_staircase_pool

Skill      XL: |  1  2  3  4  5  6  7  8  9 10 11 12 |
---------------+-------------------------------------+-----
Transmutations | 3 4 5 6 7 9 |  9.9
Poison Magic   | 1 2 |  2.0
Spellcasting   | 3 |  3.5
Unarmed Combat | 4 5 6 7 8 10 11 | 11.6
Dodging        | 2 3 4 5 6 8 9 10 | 10.0
Ice Magic      | 3 4 |  4.0
Invocations    | 2 5 6 |  6.0
Fighting       | 3 4 |  4.1

Action                   |  1- 3 |  4- 6 |  7- 9 | 10-12 || total
-------------------------+-------+-------+-------+-------++-------
Melee: Unarmed           |   116 |   159 |   313 |   401 ||   989
       Headbutt          |    17 |     2 |       |       ||    19
       Kick              |    20 |     6 |       |     2 ||    28
       Tailslap          |     5 |    11 |       |     8 ||    24
       Punch             |     2 |     1 |       |     2 ||     5
 Cast: Beastly Appendage |    21 |    12 |       |     4 ||    37
       Wereblood         |     4 |     2 |     5 |    11 ||    22
       Spider Form       |       |    10 |    41 |     3 ||    54
       Ice Form          |       |       |     2 |    31 ||    33
       Blade Hands       |       |       |       |     3 ||     3
Evoke: Wand              |       |       |       |     4 ||     4
  Use: Scroll            |     7 |     5 |     8 |     6 ||    26
       Potion            |     1 |     3 |     4 |     3 ||    11
 Stab: Invisible         |     1 |       |       |       ||     1
       Sleeping          |     1 |       |       |       ||     1
Armor: Skin              |    40 |    22 |    15 |    67 ||   144
Dodge: Dodged            |    93 |   103 |   217 |   212 ||   625
Block: Other             |       |       |    48 |    68 ||   116
       Reflection        |       |       |     3 |     2 ||     5

Table legend: (Time is in decaauts)
 A = Elapsed time spent in this place.
 B = Non-inter-level travel time spent in this place.
 C = Inter-level travel time spent in this place.
 D = Time resting spent in this place.
 E = Time spent auto-exploring this place.
 F = Levels seen in this place.
 G = Mean time per level.
                   A        B        C        D        E       F      G
               +--------+--------+--------+--------+--------+-----+--------+
         Total |  13238 |  12915 |    323 |   2767 |   8140 |  14 |  945.6 |
       Dungeon |  10214 |  10006 |    208 |   1927 |   6575 |  10 | 1021.4 |
        Temple |     91 |     71 |     20 |      0 |     69 |   1 |   91.0 |
          Lair |   2932 |   2837 |     95 |    840 |   1496 |   3 |  977.3 |
               +--------+--------+--------+--------+--------+-----+--------+

Top non-repeatable levels by time:
  Lair:2: 1414 daAuts
     D:5: 1373 daAuts
     D:7: 1333 daAuts
     D:3: 1300 daAuts
     D:2: 1273 daAuts
     D:1: 1258 daAuts
     D:4: 956 daAuts
  Lair:1: 914 daAuts
     D:8: 769 daAuts
     D:6: 675 daAuts
     D:9: 663 daAuts
    D:10: 610 daAuts
  Lair:3: 603 daAuts
  Temple: 91 daAuts
